 Dungeon Crawl Stone Soup version 0.20-a0-420-g83c570d (webtiles) character file.

2711 TheGoonsmith the Cleaver (level 9, -3/69 HPs)
             Began as a Formicid Fighter on Dec 31, 2016.
             Was an Elder of Okawaru.
             Slain by a two-headed ogre
             ... wielding a +0 giant club
              (29 damage)
             ... on level 9 of the Dungeon.
             The game lasted 00:09:27 (5322 turns).

TheGoonsmith the Cleaver (Formicid Fighter)         Turns: 5322, Time: 00:09:28

Health: -3/69      AC:  9    Str: 23    XL:     9   Next: 98%
Magic:  12/12      EV:  7    Int:  8    God:    Okawaru [****..]
Gold:   386        SH: 11    Dex: 11    Spells: 8/8 levels left

rFire  . . .     SeeInvis +     E - +0 battleaxe
rCold  . . .     Gourm    .     y - +0 chain mail
rNeg   . . .     Faith    .     c - +0 shield
rPois  +         Spirit   .     (helmet unavailable)
rElec  .         Reflect  .     (no cloak)
rCorr  +         Harm     .     (no gloves)
MR     .....                    (no boots)
Stlth  ..........               (no amulet)
                                j - ring of poison resistance
                                t - ring of resist corrosion

@: no status effects
A: permanent stasis, dig shafts and tunnels, four strong arms, antennae 3
a: Dig, Shaft Self, Heroism, Renounce Religion


You were on level 9 of the Dungeon.
You worshipped Okawaru.
Okawaru was greatly pleased with you.
You were not hungry.

You visited 1 branch of the dungeon, and saw 9 of its levels.
You also visited: Ossuary.

You collected 386 gold pieces.

Inventory:

Hand Weapons
 a - a +1 war axe
 z - a +0 mace of protection
 E - a +0 battleaxe (weapon)
Missiles
 q - 43 bolts
Armour
 b - a +0 scale mail
 c - a +0 shield (worn)
 y - a +0 chain mail (worn)
Jewellery
 j - a ring of poison resistance (right hand)
 t - a ring of resist corrosion (left hand)
 H - an uncursed ring of protection from cold {unknown}
Wands
 B - a wand of random effects (30/48)
Scrolls
 l - 4 scrolls of remove curse
 r - a scroll of identify
 F - a scroll of recharging
Potions
 d - a potion of might
 e - a potion of flight {unknown}
 f - a potion of magic
 i - 3 potions of lignification
 m - 3 potions of cure mutation
 p - 2 potions of resistance
 v - 4 potions of curing
 w - 3 potions of brilliance
 A - a potion of invisibility
Books
 g - a book of Misfortune

   Spells                             Type                      Level
   a - Confusing Touch                Hexes                        1
   b - Confuse                        Hexes                        3
   c - Gell's Gravitas                Hexes/Translocation          3
   d - Petrify                        Transmutation/Earth          4
   e - Metabolic Englaciation         Hexes/Ice                    5
   f - Yara's Violent Unravelling     Hexes/Transmutation          5
 n - a book of Cantrips

   Spells                             Type                      Level
   a - Confusing Touch                Hexes                        1
   b - Animate Skeleton               Necromancy                   1
   c - Summon Small Mammal            Summoning                    1
   d - Apportation                    Translocation                1
Comestibles
 k - 2 beef jerkies
 o - a slice of pizza
 s - 2 royal jellies
 G - 3 bread rations
 J - 21 fruits


   Skills:
 - Level 6.0 Fighting
 * Level 9.4 Axes
 - Level 3.2 Armour
 + Level 8.4 Shields
 + Level 5.2 Invocations


You had 8 spell levels left.
You didn't know any spells.

Dungeon Overview and Level Annotations

Branches:
Dungeon (10/15)            Temple (0/1) D:4
   Lair: D:8-11         Orc: D:9-12

Altars:
Ashenzari
Fedhas
Hepliaklqana
Nemelex Xobeh
Okawaru
Sif Muna
The Shining One

Annotations:
D:8 Grum


Innate Abilities, Weirdness & Mutations

You cannot be hasted, slowed, berserked, paralysed or teleported.
You can dig through walls and to a lower floor.
Your four strong arms can wield two-handed weapons with a shield.
You have a pair of large antennae on your head. (SInv)


Message History

Okawaru accepts your kill.
No target in view!
No target in view!
g - a book of Misfortune A two-headed ogre comes into view.
It is wielding a giant club and a giant spiked club.
The two-headed ogre shouts in stereo!
You hit the two-headed ogre but do no damage.
The two-headed ogre hits you with a giant club!
The two-headed ogre barely misses you.
The two-headed ogre hits you with a giant club!!
The two-headed ogre hits you but does no damage.
You closely miss the two-headed ogre. You hit the two-headed ogre.
The two-headed ogre is lightly wounded.
You block the two-headed ogre's attack.
The two-headed ogre hits you with a giant spiked club!
You slash the two-headed ogre!
The two-headed ogre is moderately wounded.
The two-headed ogre hits you with a giant club!!
You die...

#.....#.........#
#.....#.........#
+.....+...†.....#
#.....#.........#
###.....#.........#
....#####.........#
....'.............#
....#.......##....#
....#..##...##..@.#
#####..##.......O.#
.# ....#######..%.#
.#.....# #....#
.#.....# .....#
.#.....+ #.....# ##
#######


You could see a two-headed ogre.

Vanquished Creatures
  Erica (D:8)
  5 yaks (D:10)
  A black bear (D:8)
  A phantom (D:5)
  An ogre (D:5)
  A wolf (D:8)
  A big kobold (D:3)
  A bullfrog (D:9)
  A scorpion (D:6)
  A bullfrog zombie (D:5)
  A howler monkey (D:5)
  2 crimson imps
  A hound (D:5)
  2 human zombies (Ossuary)
  A jelly (D:5)
  A centaur skeleton (D:4)
  2 iguanas
  3 orc wizards
  3 worker ants (D:5)
  A hound zombie (Ossuary)
  2 hound skeletons (D:4)
  4 mummies (Ossuary)
  Robin (D:4)
  A howler monkey skeleton (D:4)
  6 adders
  An ooze (D:3)
  2 adder zombies
  An adder skeleton (D:4)
  A worm (D:2)
  3 dart slugs
  2 leopard geckos
  35 orcs
  6 giant cockroaches
  11 goblins
  7 hobgoblins
  7 jackals
  2 quokkas
  7 bats
  7 frilled lizards
  3 goblin zombies (Ossuary)
  A hobgoblin zombie (Ossuary)
  A jackal skeleton (D:4)
  12 kobolds
  3 orc zombies (Ossuary)
  A rat (D:1)
  A rat zombie (Ossuary)
159 creatures vanquished.

Notes
Turn   | Place    | Note
-------+----------+-------------------------------------------
     0 | D:1      | TheGoonsmith the Formicid Fighter began the quest for the Orb.
     0 | D:1      | Reached XP level 1. HP: 18/18 MP: 1/1
    94 | D:1      | Reached XP level 2. HP: 19/24 MP: 2/2
   557 | D:2      | Found a glowing golden altar of the Shining One.
   723 | D:2      | Reached XP level 3. HP: 29/29 MP: 3/3
  1146 | D:3      | Reached skill level 3 in Axes
  1198 | D:3      | Reached XP level 4. HP: 35/37 MP: 4/4
  1200 | D:3      | Found a shattered altar of Ashenzari.
  1331 | D:3      | Noticed a big kobold
  1411 | D:3      | Found an iron altar of Okawaru.
  1443 | D:3      | Reached XP level 5. HP: 33/42 MP: 5/5
  1517 | D:3      | Became a worshipper of Warmaster Okawaru
  1633 | D:3      | Killed a big kobold
  1633 | D:3      | Reached skill level 4 in Axes
  1633 | D:3      | Reached XP level 6. HP: 38/49 MP: 6/6
  1846 | D:3      | Reached skill level 5 in Shields
  2078 | D:4      | Noticed Robin
  2081 | D:4      | Reached * piety under Okawaru
  2388 | D:4      | Killed Robin
  2395 | D:4      | Found a sand-covered staircase.
  2405 | Ossuary  | Entered an ossuary
  2414 | Ossuary  | Reached skill level 5 in Axes
  2422 | Ossuary  | Reached XP level 7. HP: 39/55 MP: 5/7
  2425 | Ossuary  | Reached skill level 5 in Fighting
  2997 | D:4      | Found a staircase to the Ecumenical Temple.
  3436 | D:5      | Entered Level 5 of the Dungeon
  3509 | D:5      | Reached ** piety under Okawaru
  3509 | D:5      | Reached skill level 6 in Axes
  3543 | D:5      | Reached XP level 8. HP: 59/64 MP: 8/8
  3786 | D:5      | Found a sparkling altar of Nemelex Xobeh.
  4341 | D:5      | Found a deep blue altar of Sif Muna.
  4357 | D:5      | Found a blossoming altar of Fedhas.
  4363 | D:5      | Found a hazy altar of Hepliaklqana.
  4444 | D:6      | Reached skill level 7 in Axes
  4444 | D:6      | Reached skill level 1 in Invocations
  4506 | D:6      | You fall through a shaft for 2 floors!
  4527 | D:8      | Noticed Erica
  4542 | D:8      | Killed Erica
  4542 | D:8      | Reached *** piety under Okawaru
  4542 | D:8      | Reached skill level 8 in Axes
  4542 | D:8      | Reached XP level 9. HP: 42/69 MP: 7/11
  4681 | D:8      | Noticed Grum
  4706 | D:8      | You fall through a shaft for 2 floors!
  4706 | D:10     | Entered Level 10 of the Dungeon
  5034 | D:10     | Reached skill level 9 in Axes
  5034 | D:10     | Reached **** piety under Okawaru
  5037 | D:10     | Reached skill level 5 in Invocations
  5315 | D:9      | Noticed a two-headed ogre
  5322 | D:9      | Slain by a two-headed ogre

Vault maps used:
D:1:      dpeg_arrival_refuge
D:2:      lemuel_upstairs_altar, lemuel_doored_altar
D:3:      cheibrodos_thug_alley, old_standard_altar, okawaru_gym_becter
D:4:      lightli_ossuary_entry_decrepit_ruins, hangedman_abyss_or_decor_passed,
          uniq_robin
D:5:      minitemple, first_bread, kennysheep_nub, dk_vineyard_1,
          nemelex_lonely_heart_becter
D:8:      nicolae_overflow_crystal_walls, lair_entry_dummy, uniq_gastronok,
          uniq_erica, uniq_joseph, uniq_grum
D:9:      kennysheep_little_box, special_room, kennysheep_potato
Ossuary:  ossuary_minmay_tomb_2a

Skill      XL: |  1  2  3  4  5  6  7  8  9 |
---------------+----------------------------+-----
Shields        | 4 5 7 8 |  8.4
Axes           | 3 4 5 6 8 9 |  9.4
Fighting       | 4 5 6 |  6.0
Invocations    | 3 5 |  5.2
Armour         | |  3.2

Action                   |  1- 3 |  4- 6 |  7- 9 || total
-------------------------+-------+-------+-------++-------
Melee: War axe           |    74 |   200 |    97 ||   371
       Battleaxe         |       |       |   111 ||   111
Invok: Heroism           |       |     1 |     3 ||     4
 Abil: Shaft Self        |       |       |     1 ||     1
  Use: Scroll            |       |     7 |    13 ||    20
       Potion            |       |       |     5 ||     5
  Eat: Chunk             |     1 |     4 |     1 ||     6
       Bread ration      |       |       |     1 ||     1
       Meat ration       |       |       |     1 ||     1
Armor: Scale mail        |    31 |       |       ||    31
       Chain mail        |       |   104 |    66 ||   170
Dodge: Dodged            |    20 |    55 |    61 ||   136
Block: Shield            |    38 |   120 |   124 ||   282
